 Dungeon Crawl Stone Soup version 0.31-a0-204-g7da18cac08 (webtiles) character file.

Game seed: 13253935246256381519

213 qw the Skirmisher (level 5, 0/29 HPs)
             Began as a Deep Elf Hunter on June 27, 2023.
             Succumbed to their own poison gas
             ... on level 2 of the Dungeon.
             The game lasted 00:00:40 (1824 turns).

qw the Skirmisher (Deep Elf Hunter)                 Turns: 1824, Time: 00:00:41

Health: 0/29       AC:  5    Str: 10    XL:     5   Next: 59%
Magic:  7/7        EV: 11    Int: 14    God:
Gold:   137        SH:  0    Dex: 18    Spells: 4/4 levels left

rFire   . . .        Y - +0 shortbow
rCold   . . .        (shield currently unavailable)
rNeg    . . .        g - +0 ring mail
rPois   .            (no helmet)
rElec   .            (no cloak)
rCorr   .            (no gloves)
SInv    .            (no boots)
Will    .....        (no amulet)
Stlth   +            (no ring)
HPRegen 0.24/turn    (no ring)
MPRegen 0.10/turn

%: no passive effects
@: lethally poisoned (0 -> -1)
A: no striking features
a: no special abilities


You were on level 2 of the Dungeon.
You visited 1 branch of the dungeon, and saw 4 of its levels.

You collected 137 gold pieces.


   Skills:
 + Level 1.5 Fighting
 - Level 9.0 Ranged Weapons
 - Level 2.9 Dodging
 - Level 1.2 Stealth


You had 4 spell levels left.
You didn't know any spells.
Your spell library was empty.

Inventory:

Hand Weapons
 Y - a +0 shortbow (weapon)
Armour
 g - a +0 ring mail (worn)
Potions
 a - a potion of curing {unknown}
 b - a potion of might {unknown}
 e - a potion of degeneration {unknown}
 f - a potion of lignification {unknown}

Dungeon Overview and Level Annotations

Branches:
Dungeon (4/15)
 Temple: D:4-7

Altars:
Dithmenos


Message History

Done exploring.
(D) Dungeon
Where to? (* - list waypoints, Enter - D:2, ? - help)
What level of the Dungeon? (default 1, ? - help) Sorry, I don't know how to get there.
Enter note:
Enter note:
Enter note:
Enter note:
Enter note:
Enter note:
Enter note:
Enter note:
Enter note: Really walk into that cloud of poison gas?
You are engulfed in poison gas.
You are poisoned.
You feel very sick.
1814 ||| Stepping ~*~*~tactically~*~*~ (cloud).
You feel very sick.
You see here a +0 leather armour.
There is a lethal amount of poison in your body!
You feel very sick.
There is a lethal amount of poison in your body!
You feel very sick.
There is a lethal amount of poison in your body!
You feel sick.
There is a lethal amount of poison in your body!
You feel sick.
There is a lethal amount of poison in your body!
You feel sick.
There is a lethal amount of poison in your body!
You feel sick.
There is a lethal amount of poison in your body!
You feel sick.
There is a lethal amount of poison in your body!
You feel sick.
There is a lethal amount of poison in your body!
You feel sick.
There is a lethal amount of poison in your body!
You die...

#.###...#
#.##.#...#####
#.#.....# #.##.##.##
#.#.....#
#.##.##.#######
#.#.._..##
#.##.##..>.....
#........#
#.##^##########
#.#....0.#######.##.#
#.#####¤00.......##.#
#........0¤¤#######0#
###########0¤@0000.0#
###########


There were no monsters in sight!

Vanquished Creatures
  An ogre (D:3)
  A jelly (D:4)
  A sleepcap (D:4)
  An adder (D:2)
  An ufetubus (D:4)
  A worm (D:4)
  2 dart slugs
  5 ball pythons
  6 endoplasms
  2 giant cockroaches (D:2)
  3 goblins (D:2)
  9 hobgoblins
  2 kobolds
  3 quokkas
  4 bats
  2 frilled lizards
  4 rats
48 creatures vanquished.

Notes
Turn   | Place    | Note
-------+----------+-------------------------------------------
     0 | D:1      | qw the Deep Elf Hunter began the quest for the Orb.
     0 | D:1      | Reached XP level 1. HP: 12/12 MP: 3/3
     0 | D:1      | 0 ||| qw: Version: 0.3-a-22-g0ed2b0b
     0 | D:1      | 0 ||| qw: Game counter: 6438
     0 | D:1      | 0 ||| qw: Melee chars always use a shield: true
     0 | D:1      | 0 ||| qw: God list: Okawaru
     0 | D:1      | 0 ||| qw: Allow faded altars: false
     0 | D:1      | 0 ||| qw: Do Orc after clearing Dungeon:15 true
     0 | D:1      | 0 ||| qw: Do second Lair branch before Depths: true
     0 | D:1      | 0 ||| qw: Lair rune preference: random
     0 | D:1      | 0 ||| qw: Goals: Normal
     0 | D:1      | 0 ||| PLANNING D:1-11
    95 | D:1      | Reached skill level 6 in Ranged Weapons
    95 | D:1      | Reached XP level 2. HP: 16/16 MP: 4/4
   733 | D:1      | 733 ||| READING scroll labelled ZOHEOPN ZUUSI.
   734 | D:1      | 734 ||| READING scroll labelled OPEFOSAVET.
   735 | D:1      | 735 ||| DRINKING 2 murky grey potions.
   736 | D:1      | 736 ||| DRINKING 3 bubbling yellow potions.
   737 | D:1      | 737 ||| DROPPING scroll of butterflies.
   738 | D:1      | 738 ||| DROPPING 2 potions of magic.
   823 | D:2      | You fall into a shaft and drop 2 floors!
   876 | D:4      | Reached skill level 7 in Ranged Weapons
   876 | D:4      | Reached XP level 3. HP: 20/20 MP: 5/5
   947 | D:4      | HP: 3/20 [sleepcap (14)]
   948 | D:4      | 948 ||| DRINKING potion of heal wounds.
   956 | D:4      | Reached XP level 4. HP: 8/25 MP: 6/6
  1100 | D:4      | 1100 ||| READING scroll labelled ETRIWUD JUPLESM.
  1104 | D:3      | Noticed an ogre
  1114 | D:3      | Killed an ogre
  1115 | D:3      | Reached skill level 8 in Ranged Weapons
  1115 | D:3      | Reached XP level 5. HP: 27/29 MP: 7/7
  1143 | D:3      | 1143 ||| FLEEEEING.
  1145 | D:3      | 1145 ||| FLEEEEING.
  1147 | D:3      | 1147 ||| STAIRDANCE
  1300 | D:2      | Found a shadowy altar of Dithmenos.
  1366 | D:2      | Reached skill level 9 in Ranged Weapons
  1801 | D:2      | 1801 ||| UPGRADING to +0 ring mail.
  1811 | D:2      | 1811 ||| DROPPING +0 leather armour.
  1812 | D:2      | 1812 ||| READING scroll labelled LOSUJEPTYRCH.
  1814 | D:2      | 1814 ||| Stepping ~*~*~tactically~*~*~ (cloud).
  1817 | D:2      | HP: 7/29 [poisoned by you (poison gas)]
  1820 | D:2      | HP: 3/29 [poisoned by you (poison gas)]
  1822 | D:2      | HP: 1/29 [poisoned by you (poison gas)]
  1824 | D:2      | Succumbed to their own poison gas

Levels and vault maps discovered:
D:1:      grunt_arrival_lava_bath, layout_loops_ring, fountainhead
D:2:      layout_loops_ring, basic_altar
D:3:      layout_rooms, mainiacjoe_overflow_surrounded_room,
          nicolae_overflow_squiral
D:4:      layout_gridville, chequers_serial_rivers_micro_e

Skill      XL: |  1  2  3  4  5 |
---------------+----------------+-----
Ranged Weapons | 6 7 8 9 |  9.0
Fighting       | |  1.5
Dodging        | |  2.9
Stealth        | |  1.2

Action                     |  1- 3 |  4- 6 || total
---------------------------+-------+-------++-------
   Fire: Shortbow          |    69 |    82 ||   151
    Use: Potion            |     3 |       ||     3
         Scroll            |     2 |     2 ||     4
 Armour: Leather armour    |     4 |     4 ||     8
  Dodge: Dodged            |    14 |    23 ||    37

Table legend:
 A = Non-vault XP
 B = Vault XP
 C = Vault XP percentage of total XP
 D = Non-vault monster count
 E = Vault monster count
 F = Vault count percentage of total count
                 A         B        C        D         E       F
            +---------+---------+-------+---------+---------+-------
      Total |     305 |       0 |   0.0 |      48 |       0 |   0.0
            +---------+---------+-------+---------+---------+-------
        D:1 |      27 |       0 |   0.0 |      15 |       0 |   0.0
        D:2 |      46 |       0 |   0.0 |      22 |       0 |   0.0
        D:3 |     131 |       0 |   0.0 |       5 |       0 |   0.0
        D:4 |     101 |       0 |   0.0 |       6 |       0 |   0.0
            +---------+---------+-------+---------+---------+-------
